 Dungeon Crawl Stone Soup version 0.31.0-12-g77e489cdc1 (webtiles) character file.

Game seed: 316235249125628639

304 ChrisAssaf the Sneak (level 6, -30/33 HPs)
             Began as a Kobold Brigand on Feb 13, 2024.
             Was a Follower of Hepliaklqana.
             Killed by an exploding Orcus (42 damage)
             ... ignited by their inner flame
             ... on level 5 of the Dungeon.
             The game lasted 00:14:18 (2833 turns).

ChrisAssaf the Sneak (Kobold Brigand)               Turns: 2833, Time: 00:14:19

Health: -30/33     AC:  7    Str: 12    XL:     6   Next: 66%
Magic:  8/8        EV: 15    Int: 15    God:    Hepliaklqana [*.....]
Gold:   216        SH:  0    Dex: 19    Spells: 7/7 levels left

rFire   . . .        p - +4 mace of Sudden Death {flame, rElec Will+ Str+4 Dex+3}
rCold   . . .        (no shield)
rNeg    . . .        b - +0 robe
rPois   .            (no helmet)
rElec   +            c - +1 cloak
rCorr   .            (no gloves)
SInv    +            r - +2 pair of boots
Will    +....        m - amulet of faith
Stlth   +++++        s - ring of see invisible
HPRegen 0.25/turn    (no ring)
MPRegen 0.11/turn

%: faith
@: no status effects
A: reduced essence, small, no large weapons, nightstalker 3
a: Renounce Religion, Recall Ancestor, Ancestor Identity


You were on level 5 of the Dungeon.
You worshipped Hepliaklqana.
Hepliaklqana was aware of your devotion.
You visited 1 branch of the dungeon, and saw 5 of its levels.

You collected 216 gold pieces.

Inventory:

Hand Weapons
 a - a +5 dagger of chaos
 p - the +4 mace of Sudden Death (weapon) {flame, rElec Will+ Str+4 Dex+3}
   (You found it on level 2 of the Dungeon)

   Str+4:     It affects your strength (+4).
   Dex+3:     It affects your dexterity (+3).
   rElec:     It insulates you from electricity.
   Will+:     It increases your willpower.
Missiles
 d - 7 poisoned darts (quivered)
 e - 3 curare-tipped darts
Armour
 b - a +0 robe (worn)
 c - a +1 cloak (worn)
 r - a +2 pair of boots (worn)
Jewellery
 m - an amulet of faith (around neck)
 s - a ring of see invisible (left hand)
Talismans
 j - a flux talisman
Scrolls
 n - 2 scrolls of teleportation
 q - 2 scrolls of vulnerability
Potions
 f - a potion of invisibility
 g - a potion of heal wounds
 h - 2 potions of curing
 i - a potion of attraction
 l - a potion of cancellation {unknown}
 o - 2 potions of haste
 t - a potion of enlightenment
 u - a potion of might
 v - a potion of degeneration
 w - a potion of magic {unknown}
 x - a potion of lignification {unknown}


   Skills:
 * Level 3.0 Fighting
 - Level 3.4 Short Blades
 * Level 1.3 Maces & Flails
 * Level 2.8 Throwing
 * Level 0.9 Armour
 * Level 2.3 Dodging
 * Level 7.4 Stealth
 * Level 1.4 Spellcasting
 * Level 1.0 Invocations
 * Level 1.0 Shapeshifting


You had 7 spell levels left.
You didn't know any spells.
Your spell library was empty.

Dungeon Overview and Level Annotations

Branches:
Dungeon (5/15)
 Temple: D:4-7

Altars:
Elyvilon
Fedhas
Hepliaklqana

Annotations:
D:5 Ijyb


Innate Abilities, Weirdness & Mutations

Your life essence is reduced to manifest your ancestor. (-10% HP)
You are small and have problems with some larger weapons.
You are completely attuned to the shadows.


Message History

An orc comes into view. It is wielding a +0 whip.
An orc warrior comes into view. It is wielding a +0 dire flail.
The orc moves out of view.
You see here a murky red potion.
x - a murky red potion
Okay, then.
An orc comes into view. It is wielding a +0 hand axe.
The orc hits you but does no damage.
Okay, then.
You swap places.
Orcus hits the orc.
The orc hits Orcus with a +0 whip.
As you read the scroll of immolation, it crumbles to dust.
The creatures around you are filled with an inner flame!
Orcus hits the orc.
The orc explodes!
Orcus avoids your attack.
The fiery explosion engulfs the orc!!!
The orc explodes!
Orcus avoids your attack.
The fiery explosion engulfs the orc warrior!!
Flame seeps out of the orc warrior.
The orc warrior is almost dead.
The orc warrior is engulfed in blazing flames.
The orc warrior explodes!
You hear a shout! x2
Your Fighting skill increases to level 3!
Your Maces & Flails skill increases to level 1!
Your Invocations skill increases to level 1!
Your Shapeshifting skill increases to level 1!
Ijyb the Twisted Goblin comes into view.
She is wielding a +0 dagger and carrying a wand of iceblast.
Ijyb shouts!
Ijyb zaps a wand.
The mass of ice explodes!
The iceblast engulfs you!
The iceblast engulfs Orcus!
Orcus partially resists.
Flame seeps out of Orcus.
Ijyb zaps a wand.
The mass of ice explodes!
The iceblast engulfs you.
The iceblast engulfs Orcus!
Orcus partially resists.
Orcus the ancestor explodes!
The fiery explosion engulfs you!!!
Ouch! That really hurt!
You die...

#..#####.#
##...## #.#..
#.....# #.#.#
##..<## #.#.#
##.## #.#.# .g
#.#####...# .#
#.#......#####.#
#.#.###....§§..#
#.#.###....§§@.#
#.....#........#
###.#.#...§......
#......§§...###.
###.#.§☼§§..#
#.####)## #.. ..#
#. .#


You could see Ijyb.

Vanquished Creatures
  An orc warrior (D:5)
  An orc priest (D:4)
  Robin (D:3)
  6 adders
  A dart slug (D:1)
  2 ribbon worms
  8 orcs
  7 ball pythons
  8 endoplasms
  4 giant cockroaches
  9 goblins
  7 hobgoblins
  5 jackals
  3 quokkas
  4 bats
  4 frilled lizards (D:3)
  10 kobolds
  3 rats
84 creatures vanquished.

Vanquished Creatures (collateral kills)
  A ribbon worm (D:3)
  An orc (D:5)
  4 goblins
  A hobgoblin (D:3)
7 creatures vanquished.

Vanquished Creatures (others)
  An ancestor (D:5)
1 creature vanquished.

Grand Total: 92 creatures vanquished

Notes
Turn   | Place    | Note
-------+----------+-------------------------------------------
     0 | D:1      | ChrisAssaf the Kobold Brigand began the quest for the Orb.
     0 | D:1      | Reached XP level 1. HP: 12/12 MP: 1/1
    48 | D:1      | Reached XP level 2. HP: 13/17 MP: 2/2
   534 | D:2      | Reached XP level 3. HP: 21/21 MP: 3/3
   571 | D:2      | Reached skill level 6 in Stealth
   673 | D:3      | Found a hazy altar of Hepliaklqana.
   686 | D:3      | Became a worshipper of Hepliaklqana the Forgotten
   782 | D:3      | Found a blossoming altar of Fedhas.
  1011 | D:3      | Noticed Robin
  1013 | D:3      | Reached XP level 4. HP: 27/27 MP: 5/5
  1040 | D:3      | Killed Robin
  1041 | D:3      | Reached skill level 1 in Spellcasting
  1499 | D:2      | Found a faded altar of an unknown god.
  1529 | D:2      | Identified the +4 mace of Sudden Death {flame, rElec Will+
                  | Str+4 Dex+3}
  1917 | D:1      | Reached XP level 5. HP: 31/31 MP: 6/6
  2290 | D:4      | Reached * piety under Hepliaklqana
  2438 | D:4      | Found a white marble altar of Elyvilon.
  2603 | D:4      | Reached skill level 7 in Stealth
  2603 | D:4      | Reached XP level 6. HP: 29/32 MP: 7/7
  2789 | D:5      | Entered Level 5 of the Dungeon
  2819 | D:5      | Noticed an orc warrior
  2824 | D:5      | Killed an orc warrior
  2825 | D:5      | Reached skill level 1 in Maces & Flails
  2825 | D:5      | Reached skill level 1 in Invocations
  2825 | D:5      | Reached skill level 1 in Shapeshifting
  2832 | D:5      | Noticed Ijyb
  2833 | D:5      | Killed by an exploding Orcus... ignited by their inner
                  | flame

Illustrated notes

Levels and vault maps discovered:
D:1:      minmay_arrival_up_and_down, layout_basic, grunt_decor_mini_mirrors
D:2:      layout_rooms, ebering_ecumenical_altar_webs
D:3:      layout_rooms, mainiacjoe_overflow_alcove_4, fedhas_altar_1,
          minmay_joined_circles, uniq_robin
D:4:      layout_gridville, lemuel_coloured_pillars_altar
D:5:      layout_loops_cross, uniq_ijyb, uniq_crazy_yiuf_cottage

Skill      XL: |  1  2  3  4  5  6 |
---------------+-------------------+-----
Short Blades   | 3 |  3.4
Stealth        | 6 7 |  7.4
Spellcasting   | 1 |  1.4
Dodging        | 2 |  2.3
Fighting       | 3 |  3.0
Maces & Flails | 1 |  1.3
Invocations    | 1 |  1.0
Shapeshifting  | 1 |  1.0
Throwing       | |  2.8
Armour         | |  0.9

Action                     |  1- 3 |  4- 6 || total
---------------------------+-------+-------++-------
  Melee: Dagger            |    67 |    31 ||    98
         Punch             |     1 |       ||     1
         Mace              |       |    55 ||    55
  Throw: Dart              |    12 |    15 ||    27
 Invoke: Ancestor Identity |       |     1 ||     1
    Use: Scroll            |     8 |    13 ||    21
         Potion            |     1 |       ||     1
   Stab: Sleeping          |    16 |    23 ||    39
         Distracted        |     1 |     2 ||     3
 Armour: Robe              |    24 |    39 ||    63
  Dodge: Dodged            |    44 |    66 ||   110
